EL
RICHMOND FLYING SQUIRRELS @ ERIE SEAWOLVES
05/18/2098
 
TOP OF THE 1ST
Richmond Flying Squirrels batting - Pitching for Erie SeaWolves : RHP Dan Hoskins
Pitching: RHP Dan Hoskins
Batting: RHB Brendan Morris 0-0: Swinging Strike
0-1: Ball
1-1: Swinging Strike
1-2: Strikes out swinging
Batting: RHB Nawaf Shafeeq 0-0: Ball
1-0: Ball
2-0: Called Strike
2-1: Foul Ball, location: 3F
2-2: Fly out, F4 (Line Drive, 4M, EV 68.1 MPH)
Batting: LHB Eric Binder 0-0: Ball
1-0: Called Strike
1-1: Foul Ball, location: 7LMF
1-2: Ball
2-2: SINGLE (Groundball, 34D, EV 104.4 MPH)
Batting: LHB Josh Layne 0-0: Foul Ball, location: 7LSF
0-1: Called Strike
0-2: Ball
1-2: Strikes out swinging
Top of the 1st over - 0 runs, 1 hit, 0 errors, 1 left on base; Richmond 0 - Erie 0
BOTTOM OF THE 1ST
Erie SeaWolves batting - Pitching for Richmond Flying Squirrels : LHP Adam Espinoza
Pitching: LHP Adam Espinoza
Batting: LHB Matt Henley 0-0: Foul Ball, location: 2F
0-1: Ball
1-1: Ball
2-1: Ball
3-1: Base on Balls
Batting: RHB Jack Childs 0-0: Ball
1-0: Ball
2-0: Ball
3-0: Swinging Strike
3-1: Base on Balls
Matt Henley to second
Batting: RHB Ricardo Meza 0-0: Ball
1-0: Grounds into double play, 5-4-3 (Groundball, 56, EV 96.3 MPH)
Matt Henley to third
Batting: SHB Jim Hall 0-0: Ball
1-0: Ball
2-0: Fly out, F8 (Flyball, 8LS, EV 96.3 MPH)
Bottom of the 1st over - 0 runs, 0 hits, 0 errors, 1 left on base; Richmond 0 - Erie 0
TOP OF THE 2ND
Richmond Flying Squirrels batting - Pitching for Erie SeaWolves : RHP Dan Hoskins
Batting: RHB Craig Knopp 0-0: Ground out U3 (Groundball, 23, EV 86.3 MPH)
Batting: RHB Matt Gill 0-0: Ball
1-0: Swinging Strike
1-1: Fly out, F8 (Flyball, 89M, EV 92.5 MPH)
Batting: RHB Ricky Godoy 0-0: Ball
1-0: Ball
2-0: Foul Ball, location: 9LMF
2-1: Ground out 4-3 (Groundball, 4, EV 106.9 MPH)
Top of the 2nd over - 0 runs, 0 hits, 0 errors, 0 left on base; Richmond 0 - Erie 0
BOTTOM OF THE 2ND
Erie SeaWolves batting - Pitching for Richmond Flying Squirrels : LHP Adam Espinoza
Batting: RHB Jon Robinson 0-0: Ball
1-0: Fly out, F6 (Popup, P, EV 88.8 MPH)
Batting: RHB Chris Marshall 0-0: Ball
1-0: Called Strike
1-1: Ball
2-1: Swinging Strike
2-2: Fly out, F5 (Line Drive, 5, EV 69.4 MPH)
Batting: RHB Jason Ley 0-0: SINGLE (Line Drive, 89S, EV 96.9 MPH)
Batting: RHB Joe Markwood 0-0: Ball
1-0: SINGLE (Groundball, 6M, EV 99.4 MPH)
Jason Ley to second
Runner from 2nd tries for 3rd, SAFE, no throw by CF
Batting: RHB Mark Burkett 0-0: Called Strike
0-1: Foul Ball, location: 2F
0-2: SINGLE (Groundball, 34D, EV 99.4 MPH)
Jason Ley scores
Joe Markwood to second
Runner from 2nd tries for 3rd, SAFE, throw by RF made to third
Batting: LHB Matt Henley 0-0: Called Strike
0-1: Foul Ball, location: 2F
0-2: Ball
1-2: Ball
2-2: Ball
3-2: Base on Balls
Mark Burkett to second
Batting: RHB Jack Childs 0-0: Called Strike
0-1: Ball
1-1: Swinging Strike
1-2: DOUBLE (Flyball, 8LXD, EV 97.5 MPH)
Joe Markwood scores
Mark Burkett scores
Matt Henley to third
Runner from 3rd tries for Home, SAFE, no throw by CF
Batting: RHB Ricardo Meza 0-0: Called Strike
0-1: Ball
1-1: Swinging Strike
1-2: Strikes out swinging
Bottom of the 2nd over - 4 runs, 4 hits, 0 errors, 1 left on base; Richmond 0 - Erie 4
TOP OF THE 3RD
Richmond Flying Squirrels batting - Pitching for Erie SeaWolves : RHP Dan Hoskins
Batting: LHB Federico Duarte 0-0: Foul Ball, location: 5FF
0-1: Swinging Strike
0-2: Ground out 6-3 (Groundball, 4M, EV 85.0 MPH)
Batting: RHB Alex Vasquez 0-0: Ball
1-0: Foul Ball, location: 2F
1-1: Ball
2-1: Ball
3-1: Foul Ball, location: 2F
3-2: Ground out 5-3 (Groundball, 56, EV 80.0 MPH)
Batting: RHB Brendan Morris 0-0: Foul Ball, location: 2F
0-1: Ball
1-1: Ball
2-1: Ball
3-1: Fly out, F8 (Flyball, 8RS, EV 85.0 MPH)
Top of the 3rd over - 0 runs, 0 hits, 0 errors, 0 left on base; Richmond 0 - Erie 4
BOTTOM OF THE 3RD
Erie SeaWolves batting - Pitching for Richmond Flying Squirrels : LHP Adam Espinoza
Batting: SHB Jim Hall 0-0: Ball
1-0: Fly out, F8 (Flyball, 8RM, EV 87.5 MPH)
Batting: RHB Jon Robinson 0-0: SINGLE (Flyball, 3D, EV 96.3 MPH)
Batting: RHB Chris Marshall 0-0: Ball
Passed Ball!
Jon Robinson to second
1-0: Called Strike
1-1: DOUBLE (Line Drive, 9LS, EV 108.1 MPH)
Jon Robinson scores
Batting: RHB Jason Ley 0-0: Ball
1-0: Ball
2-0: Called Strike
2-1: Called Strike
2-2: Ground out 4-3 (Groundball, 34, EV 108.1 MPH)
Chris Marshall to third
Batting: RHB Joe Markwood 0-0: Called Strike
0-1: Foul Ball, location: 2F
0-2: Strikes out looking
Bottom of the 3rd over - 1 run, 2 hits, 0 errors, 1 left on base; Richmond 0 - Erie 5
TOP OF THE 4TH
Richmond Flying Squirrels batting - Pitching for Erie SeaWolves : RHP Dan Hoskins
Batting: RHB Nawaf Shafeeq 0-0: Fly out, F9 (Line Drive, 9S, EV 88.8 MPH)
Batting: LHB Eric Binder 0-0: Foul Ball, location: 5FF
0-1: Ground out 4-3 (Groundball, 4M, EV 106.3 MPH)
Batting: LHB Josh Layne 0-0: Ball
1-0: Ball
2-0: Ground out 5-3 (Groundball, 56, EV 86.9 MPH)
Top of the 4th over - 0 runs, 0 hits, 0 errors, 0 left on base; Richmond 0 - Erie 5
BOTTOM OF THE 4TH
Erie SeaWolves batting - Pitching for Richmond Flying Squirrels : LHP Adam Espinoza
Pitching: LHP Max Camarena
Batting: RHB Mark Burkett 0-0: Fly out, F8 (Flyball, 8LD, EV 92.5 MPH)
Batting: LHB Matt Henley 0-0: Ball
1-0: Ball
2-0: Foul Ball, location: 2F
2-1: Fly out, F3 (Popup, 23F, EV 83.1 MPH)
Batting: RHB Jack Childs 0-0: Ball
1-0: Called Strike
1-1: Called Strike
1-2: Strikes out swinging
Bottom of the 4th over - 0 runs, 0 hits, 0 errors, 0 left on base; Richmond 0 - Erie 5
TOP OF THE 5TH
Richmond Flying Squirrels batting - Pitching for Erie SeaWolves : RHP Dan Hoskins
Batting: RHB Craig Knopp 0-0: Foul Ball, location: 2F
0-1: Ball
1-1: Called Strike
1-2: Foul Ball, location: 3DF
1-2: Foul Ball, location: 5F
1-2: Foul Ball, location: 25F
1-2: Ball
2-2: Strikes out swinging
Batting: RHB Matt Gill 0-0: Foul Ball, location: 3SF
0-1: Ball
1-1: Ball
2-1: Called Strike
2-2: Ball
3-2: Fly out, F7 (Flyball, 78S, EV 91.9 MPH)
Batting: RHB Ricky Godoy 0-0: Swinging Strike
0-1: Ball
1-1: Ground out 5-3 (Groundball, 56S, EV 83.8 MPH)
Top of the 5th over - 0 runs, 0 hits, 0 errors, 0 left on base; Richmond 0 - Erie 5
BOTTOM OF THE 5TH
Erie SeaWolves batting - Pitching for Richmond Flying Squirrels : LHP Max Camarena
Batting: RHB Ricardo Meza 0-0: Swinging Strike
0-1: Ground out 6-3 (Groundball, 6, EV 105.0 MPH)
Batting: SHB Jim Hall 0-0: Called Strike
0-1: Called Strike
0-2: Ball
1-2: Ball
2-2: Foul Ball, location: 25FF
2-2: Ball
3-2: Foul Ball, location: 3FF
3-2: Strikes out swinging
Batting: RHB Jon Robinson 0-0: Called Strike
0-1: Ball
1-1: Ball
2-1: Fly out, F8 (Flyball, 78M, EV 83.8 MPH)
Bottom of the 5th over - 0 runs, 0 hits, 0 errors, 0 left on base; Richmond 0 - Erie 5
TOP OF THE 6TH
Richmond Flying Squirrels batting - Pitching for Erie SeaWolves : RHP Dan Hoskins
Batting: LHB Federico Duarte 0-0: Called Strike
0-1: Foul Ball, location: 2F
0-2: Ground out 4-3 (Groundball, 4, EV 88.1 MPH)
Batting: RHB Alex Vasquez 0-0: Called Strike
0-1: Ground out 5-3 (Groundball, 56S, EV 86.3 MPH)
Batting: RHB Brendan Morris 0-0: Ball
1-0: Foul Ball, location: 3SF
1-1: Swinging Strike
1-2: Ball
2-2: Fly out, F8 (Flyball, 8LM, EV 88.8 MPH)
Top of the 6th over - 0 runs, 0 hits, 0 errors, 0 left on base; Richmond 0 - Erie 5
BOTTOM OF THE 6TH
Erie SeaWolves batting - Pitching for Richmond Flying Squirrels : LHP Max Camarena
Batting: RHB Chris Marshall 0-0: Foul Ball, location: 2F
0-1: SINGLE (Line Drive, 5L, EV 101.3 MPH)
Batting: RHB Jason Ley 0-0: Ball
1-0: Ball
2-0: Called Strike
2-1: Foul Ball, location: 2F
2-2: Strikes out swinging
Batting: RHB Joe Markwood 0-0: 2-RUN HOME RUN (Flyball, 9LD, EV 96.3 MPH), Distance : 349 ft
Batting: RHB Mark Burkett 0-0: Ball
1-0: Foul Ball, location: 2LF
1-1: Foul Ball, location: 7LSF
1-2: Ball
2-2: Strikes out swinging
Batting: LHB Matt Henley 0-0: Ball
1-0: Called Strike
1-1: Ground out U3 (Groundball, 3L, EV 86.3 MPH)
Bottom of the 6th over - 2 runs, 2 hits, 0 errors, 0 left on base; Richmond 0 - Erie 7
TOP OF THE 7TH
Richmond Flying Squirrels batting - Pitching for Erie SeaWolves : RHP Dan Hoskins
Batting: RHB Nawaf Shafeeq 0-0: Foul Ball, location: 2F
0-1: SINGLE (Line Drive, 3D, EV 100.6 MPH)
Batting: LHB Eric Binder 0-0: Called Strike
Nawaf Shafeeq steals 2nd base (no throw)
0-1: Called Strike
0-2: Foul Ball, location: 2LF, Error on foul ball, E2
0-2: Ground out U3 (Groundball, 3, EV 85.0 MPH)
Nawaf Shafeeq to third
Batting: LHB Josh Layne 0-0: Ball
1-0: Ball
2-0: Called Strike
2-1: Ball
3-1: Fly out, F9 (Flyball, 9LSF, EV 93.8 MPH)
Runner from 3rd tags up, SCORES, throw by RF
Batting: RHB Craig Knopp 0-0: Ball
1-0: Ball
2-0: Ball
3-0: Base on Balls
Batting: RHB Matt Gill 0-0: Ball
1-0: Called Strike
1-1: Ball
2-1: Foul Ball, location: 9LDF
2-2: Ball
3-2: Foul Ball, location: 9LDF
3-2: Ground out 6-3 (Groundball, 56, EV 88.8 MPH)
Top of the 7th over - 1 run, 1 hit, 1 error, 1 left on base; Richmond 1 - Erie 7
BOTTOM OF THE 7TH
Erie SeaWolves batting - Pitching for Richmond Flying Squirrels : LHP Max Camarena
Batting: RHB Jack Childs 0-0: Ball
1-0: Fly out, F7 (Line Drive, 7S, EV 93.8 MPH)
Batting: RHB Ricardo Meza 0-0: SINGLE (Groundball, 6M, EV 105.0 MPH) (infield hit)
Batting: SHB Jim Hall 0-0: Foul Ball, location: 9LMF
0-1: Foul Ball, location: 2F
0-2: Ball
1-2: Fly out, F7 (Flyball, 7LMF, EV 92.5 MPH)
Batting: RHB Jon Robinson 0-0: Foul Ball, location: 5SF
0-1: Ball
1-1: Foul Ball, location: 2F
1-2: Ball
2-2: Strikes out swinging
Bottom of the 7th over - 0 runs, 1 hit, 0 errors, 1 left on base; Richmond 1 - Erie 7
TOP OF THE 8TH
Richmond Flying Squirrels batting - Pitching for Erie SeaWolves : RHP Dan Hoskins
Batting: RHB Ricky Godoy 0-0: Swinging Strike
0-1: Swinging Strike
0-2: Ball
1-2: Ball
2-2: Foul Ball, location: 9LSF
2-2: Ball
3-2: Strikes out looking
Pitching: LHP Kevin Swanson
Batting: LHB Federico Duarte 0-0: Swinging Strike
0-1: Foul Ball, location: 7LMF
0-2: Ball
1-2: Strikes out looking
Batting: RHB Alex Vasquez 0-0: Ball
1-0: Called Strike
1-1: Foul Ball, location: 3DF
1-2: Ball
2-2: Ball
3-2: Foul Ball, location: 2F
3-2: Fly out, F2 (Popup, 23F, EV 91.3 MPH)
Top of the 8th over - 0 runs, 0 hits, 0 errors, 0 left on base; Richmond 1 - Erie 7
BOTTOM OF THE 8TH
Erie SeaWolves batting - Pitching for Richmond Flying Squirrels : LHP Max Camarena
Batting: RHB Chris Marshall 0-0: Ball
1-0: Called Strike
1-1: Ball
2-1: Ball
3-1: Base on Balls
Batting: RHB Jason Ley 0-0: Foul Ball, location: 2RF
0-1: Called Strike
0-2: Foul Ball, location: 9LMF
0-2: Ball
1-2: Foul Ball, location: 9LDF
1-2: Strikes out looking
Pitching: RHP Zach Stout
Batting: RHB Joe Markwood 0-0: Foul Ball, location: 2LF
0-1: Called Strike
0-2: Ball
1-2: Strikes out swinging
Batting: RHB Mark Burkett 0-0: Swinging Strike
0-1: Foul Ball, location: 7LSFF
0-2: Reached on error, E5 (Groundball, 56S, EV 69.4 MPH)
Chris Marshall to second
Batting: LHB Matt Henley 0-0: Ball
1-0: Foul Ball, location: 7LSF
1-1: Fly out, F7 (Flyball, 7LS, EV 78.8 MPH)
Bottom of the 8th over - 0 runs, 0 hits, 1 error, 2 left on base; Richmond 1 - Erie 7
TOP OF THE 9TH
Richmond Flying Squirrels batting - Pitching for Erie SeaWolves : LHP Kevin Swanson
Batting: RHB Brendan Morris 0-0: Swinging Strike
0-1: Foul Ball, location: 9LDF
0-2: Ball
1-2: Ball
2-2: Ball
3-2: SINGLE (Line Drive, 9S, EV 100.0 MPH)
Batting: RHB Nawaf Shafeeq 0-0: Ball
1-0: Foul Ball, location: 2F
1-1: Foul Ball, location: 2F
1-2: Fly out, F3 (Popup, 3F, EV 67.5 MPH)
Batting: LHB Eric Binder 0-0: Called Strike
0-1: Foul Ball, location: 7LDF
0-2: Strikes out swinging
Batting: LHB Josh Layne 0-0: Swinging Strike
0-1: Ball
1-1: Ball
2-1: 2-RUN HOME RUN (Flyball, 7LD, EV 99.4 MPH), Distance : 359 ft
Batting: RHB Craig Knopp 0-0: Fly out, F4 (Popup, 3DF, EV 55.0 MPH)
Top of the 9th over - 2 runs, 2 hits, 0 errors, 0 left on base; Richmond 3 - Erie 7
Thursday, April 4th , 2024 - OOTP Baseball 24.11 Build 85